 Dungeon Crawl Stone Soup version 0.31-a0-662-g684573625c (webtiles) character file.

Game seed: 18190783175492705665

19 sampeng1 the Ruffian (level 2, 0/21 HPs)
             Began as a Human Shapeshifter on Sept 1, 2023.
             Slain by an adder (1 damage)
             ... on level 2 of the Dungeon.
             The game lasted 00:01:52 (644 turns).

sampeng1 the Ruffian (Human Shapeshifter)            Turns: 644, Time: 00:01:52

Health: 0/21       AC:  8    Str: 14    XL:     2   Next: 95%
Magic:  2/2        EV:  7    Int: 10    God:
Gold:   67         SH:  0    Dex: 12    Spells: 1/1 levels left

rFire   . .          .
                       - Unarmed
rCold   . . .        (no shield)
rNeg    . . .        j - +0 chain mail
rPois   .            (helmet currently unavailable)
rElec   .            (cloak currently unavailable)
rCorr   .            (gloves currently unavailable)
SInv    .            (boots currently unavailable)
Will    .....        (no amulet) Stlth
                     (no ring)
HPRegen 0.23/turn    (no ring)
MPRegen 0.08/turn

%: no passive effects
@: beast-form
A: beast (slay +1)
a: Begin Untransformation


You were on level 2 of the Dungeon.
You were a hulking beast.
You visited 1 branch of the dungeon, and saw 2 of its levels.

You collected 67 gold pieces.

Inventory:

Missiles
 h - 3 poisoned darts (quivered)
Armour
 a - a +0 animal skin
 j - a +0 chain mail (worn)
Talismans
 c - a beast talisman (active)
 d - a flux talisman
Scrolls
 e - a scroll of poison {unknown}
 f - a scroll of blinking {unknown}
 g - a scroll of fear {unknown}
 i - 2 scrolls of identify {unknown}
Potions
 b - 4 potions of lignification


   Skills:
 + Level 1.5 Fighting
 + Level 0.1 Armour
 + Level 2.2 Dodging
 + Level 3.2 Unarmed Combat
 + Level 3.2 Shapeshifting


You had one spell level left.
You didn't know any spells.
Your spell library was empty.

Dungeon Overview and Level Annotations

Branches:
Dungeon (2/15)

Altars:


Message History

The ball python bites you. The ball python constricts you.
You hit the kobold.
The kobold is moderately wounded.
The ball python bites you but does no damage.
The ball python constricts you. The kobold hits you but does no damage.
You barely miss the kobold.
The kobold is moderately wounded.
The ball python bites you. The ball python constricts you.
The kobold hits you with a +0 club. The adder bites you.
You closely miss the ball python.
The ball python bites you but does no damage.
The ball python constricts you. The kobold hits you but does no damage.
The adder bites you. The ball python bites you.
* * * LOW HITPOINT WARNING * * *
The ball python constricts you.
You punch the ball python!
You kill the ball python!
The adder bites you but does no damage. The kobold hits you but does no damage.
You hit the kobold.
You kill the kobold!
The adder closely misses you.
You hit the adder.
The adder is severely wounded.
The adder bites you but does no damage. The adder bites you.
* * * LOW HITPOINT WARNING * * *
You miss the adder.
The adder is severely wounded.
The adder bites you.
* * * LOW HITPOINT WARNING * * *
You miss the adder.
The adder is severely wounded.
The adder barely misses you.
You miss the adder.
The adder is severely wounded.
The adder bites you.
* * * LOW HITPOINT WARNING * * *
You hit the adder but do no damage.
The adder is severely wounded.
The adder bites you but does no damage. The adder bites you.
You die...

..... #. #..#.#
##.##....# .
...........
...#.....#. ###
#........... ..?.
...........###.(...
.... #....Sh.......
....##......)#.....
.>........#.# ...
.......#.##.# #
####....##.#
#.<.....#.#
#.#..##.#.#
#.#.......#
#.##.......


You could see an adder.

Vanquished Creatures
  A dart slug (D:1)
  2 endoplasms (D:1)
  A giant cockroach (D:1)
  A goblin (D:1)
  A hobgoblin (D:2)
  A quokka (D:1)
  4 ball pythons
  A bat (D:1)
  A frilled lizard (D:1)
  2 kobolds
  3 rats (D:1)
18 creatures vanquished.

Notes
Turn   | Place    | Note
-------+----------+-------------------------------------------
     0 | D:1      | sampeng1 the Human Shapeshifter began the quest for the
                  | Orb.
     0 | D:1      | Reached XP level 1. HP: 15/15 MP: 1/1
   218 | D:1      | Reached XP level 2. HP: 21/21 MP: 2/2
   641 | D:2      | HP: 1/21 [adder (2)]
   644 | D:2      | Slain by an adder

Illustrated notes

Levels and vault maps discovered:
D:1:      roderic_crop_circles_arrival_small, layout_rooms
D:2:      layout_loops_cross

Action                     || total
---------------------------++-------
  Melee: Unarmed           ||    65
         Punch             ||     1
  Throw: Dart              ||     1
 Armour: Animal skin       ||    20
         Chain mail        ||    24
  Dodge: Dodged            ||    27

Table legend: (Time is in decaauts)
 A = Elapsed time spent in this place.
 B = Non-inter-level travel time spent in this place.
 C = Inter-level travel time spent in this place.
 D = Time resting spent in this place.
 E = Time spent auto-exploring this place.
 F = Levels seen in this place.
 G = Mean time per level.
                   A        B        C        D        E       F      G
               +--------+--------+--------+--------+--------+-----+--------+
         Total |    640 |    600 |     40 |      0 |    377 |   2 |  320.0 |
       Dungeon |    640 |    600 |     40 |      0 |    377 |   2 |  320.0 |
               +--------+--------+--------+--------+--------+-----+--------+

Top non-repeatable levels by time:
     D:1: 619 daAuts
     D:2: 20 daAuts
